 Dungeon Crawl Stone Soup version 0.22.1-2-g9c5b331 (webtiles) character file.

35 MalarOregon the Poker (level 3, -1/28 HPs)
             Began as a Merfolk Skald on Nov 24, 2018.
             Killed by divine providence
             ... invoked by an orc priest
              (11 damage)
             ... on level 1 of the Dungeon.
             The game lasted 00:02:36 (1074 turns).

MalarOregon the Poker (Merfolk Skald)               Turns: 1074, Time: 00:02:37

Health: -1/28      AC:  3    Str: 11    XL:     3   Next: 35%
Magic:  2/6        EV: 12    Int: 13    God:
Gold:   125        SH:  0    Dex: 13    Spells: 3/6 levels left

rFire    . . .     SeeInvis .   a - +0 spear
rCold    . . .     Gourm    .   (no shield)
rNeg     . . .     Faith    .   b - +0 leather armour
rPois    .         Spirit   .   (no helmet)
rElec    .         Reflect  .   (no cloak)
rCorr    .         Harm     .   (no gloves)
MR       .....                  (no boots)
Stlth    +.........             (no amulet)
HPRegen  0.09/turn              (no ring)
MPRegen  0.10/turn              (no ring)

@: very slightly contaminated, hasted, very quick
A: change form in water, swift swim, stealthy swim
a: no special abilities


You were on level 1 of the Dungeon.
You were not hungry.

You visited 1 branch of the dungeon, and saw 2 of its levels.

You collected 125 gold pieces.

Inventory:

Hand Weapons
 a - a +0 spear (weapon)
Armour
 b - a +0 leather armour (worn)
Scrolls
 c - a scroll of amnesia {unknown}
 f - 3 scrolls of immolation {unknown}
 g - 2 scrolls of identify {unknown}
 h - 3 scrolls of teleportation {unknown}
Comestibles
 e - 2 rations {!d}
 k - 3 chunks of flesh


   Skills:
 + Level 2.4 Fighting
 * Level 3.9 Polearms
 - Level 1.0 Armour
 + Level 3.1 Dodging
 + Level 2.2 Spellcasting
 + Level 3.5 Charms


You had 3 spell levels left.
You knew the following spells:

 Your Spells              Type           Power        Failure   Level  Hunger
a - Infusion              Chrm           ##..         8%          1    ##.....
q - Shroud of Golubria    Chrm/Tloc      #.........   24%         2    ###....

Your spell library contained the following spells:

 Spells                   Type           Power        Failure   Level  Hunger
 Song of Slaying          Chrm           ##......     12%         2    ###....
 Regeneration             Chrm/Necr      #.........   43%         3    ####...
 Spectral Weapon          Hex/Chrm       #.......     43%         3    ####...


Dungeon Overview and Level Annotations

Branches:
Dungeon (2/15)

Altars:


Message History

You blink.
Unknown command.
Unknown command.
Attack whom?
Aim: an orc priest, wielding a dagger You reach to attack!
You barely miss the orc priest. You closely miss the orc priest.
The orc hits you with a whip of distortion.
* * * LOW HITPOINT WARNING * * *
Space bends around you.
* * * LOW HITPOINT WARNING * * *
The orc completely misses you.
Unknown command.
It was a potion of curing.
You feel better. The orc priest barely misses you.
The orc hits you but does no damage. Space bends around you.
* * * LOW HITPOINT WARNING * * *
Unknown command.
It was a potion of heal wounds.
You feel much better. The orc hits you with a hand axe.
The orc priest hits you with a dagger. The orc closely misses you.
It was a potion of haste.
You feel yourself speed up.
The orc priest calls down the wrath of Beogh upon you.
Pain shoots through your body!
* * * LOW HITPOINT WARNING * * *
The orc closely misses you. x2
You hit the orc priest.
The orc priest casts a cantrip, but nothing happens.
The orc hits you with a whip of distortion.
* * * LOW HITPOINT WARNING * * *
You blink.
Unknown command.
Unknown command.
Attack whom?
Aim: an orc, wielding a whip of distortion You reach to attack!
You hit the orc.
Attack whom?
Aim: an orc, wielding a whip of distortion (severely wounded)
You reach to attack!
You barely miss the orc.
Your leather armour prevents you from hitting the orc.
You barely miss the orc. The orc barely misses you. The orc closely misses you.
You hit the orc.
You kill the orc!
The orc barely misses you.
You completely miss the orc priest. You hit the orc priest.
The orc priest closely misses you. The orc misses you.
You hit the orc priest but do no damage.
The orc priest invokes the aid of Beogh against you.
Beogh smites you!
You die...

######## #.# #......# #.#
##############.####.# #.#
#..........(.#.####.# #.#
#.................#.# #.#
#.......(..#.#.##.#.# ##.##
##..........#.#.##.#.#####...#
#..............[...#..........
####..........##@#.#..#..####...#
#.............##oo....#..# ##.##
#.............##......#).# #.#
#..............#......#..#####.#
##.#.###........>....[........[##
.#.#.# #....(.).....[.#########..
...#.####.....#.####..#########.#
[...........(##.# #..........#.#
...######....##.# #####.####.#.#


You could see an orc priest and an orc.

Vanquished Creatures
  2 worms
  A dart slug (D:1)
  An orc (D:1)
  A giant cockroach (D:1)
  A goblin (D:1)
  2 hobgoblins (D:1)
  5 kobolds (D:1)
  5 bats (D:1)
  5 frilled lizards (D:1)
  5 rats
28 creatures vanquished.

Notes
Turn   | Place    | Note
-------+----------+-------------------------------------------
     0 | D:1      | MalarOregon the Merfolk Skald began the quest for the Orb.
     0 | D:1      | Reached XP level 1. HP: 16/16 MP: 3/3
   203 | D:1      | Reached XP level 2. HP: 13/22 MP: 5/5
   556 | D:1      | Reached skill level 1 in Armour
   752 | D:1      | Reached XP level 3. HP: 24/28 MP: 6/6
  1006 | D:1      | Learned a level 2 spell: Shroud of Golubria
  1074 | D:1      | Killed from afar by an orc priest

Skill      XL: |  1  2 |
---------------+-------+-----
Dodging        | 3 |  3.1
Armour         | 1 |  1.0
Fighting       | |  2.4
Polearms       | |  3.9
Spellcasting   | |  2.2
Charms         | |  3.5

Action                   || total
-------------------------++-------
Melee: Spear             ||   129
 Cast: Shroud of Golubri ||     4
  Use: Potion            ||     3
  Eat: Chunk             ||     1
Armor: Leather armour    ||    17
Dodge: Dodged            ||    60
